 Dungeon Crawl Stone Soup version 0.30-a0-1008-g30c9307041 (webtiles) character file.

Game seed: 14127815381734643933

267 Demosthentine the Poker (level 6, -1/47 HPs)
             Began as a Demonspawn Gladiator on Apr 6, 2023.
             Splashed by a jelly's acid (11 damage)
             ... on level 4 of the Dungeon.
             The game lasted 00:03:50 (2415 turns).

Demosthentine the Poker (Demonspawn Gladiator)      Turns: 2415, Time: 00:03:52

Health: -1/47      AC: -1    Str: 22    XL:     6   Next: 0%
Magic:  6/6        EV: 13    Int:  9    God:
Gold:   213        SH:  0    Dex: 15    Spells: 5/5 levels left

rFire   . . .      SeeInvis .    a - +1 trident
rCold   . . .      Faith    .    (no shield)
rNeg    . . .      Spirit   .    b - +0 leather armour
rPois   .          Reflect  .    c - +1 helmet
rElec   .          Rampage  .    (no cloak)
rCorr   .                        (no gloves)
Will    +....                    k - +0 pair of boots
Stlth   +                        (no amulet)
HPRegen 0.27/turn                f - +6 ring of strength
MPRegen 0.10/turn                m - ring of willpower

@: corroded
A: ignite blood 2, demonic magic 1
a: no special abilities


You were on level 4 of the Dungeon.
You visited 1 branch of the dungeon, and saw 4 of its levels.

You collected 213 gold pieces.

Inventory:

Hand Weapons
 a - a +1 trident (weapon)
Missiles
 d - 3 throwing nets (quivered)
 e - a javelin
Armour
 b - a +0 leather armour (worn)
 c - a +1 helmet (worn)
 k - a +0 pair of boots (worn)
Jewellery
 f - a +6 ring of strength (left hand)
 m - a ring of willpower (right hand)
Potions
 g - a potion of haste {unknown}
 i - a potion of might {unknown}
 j - a potion of heal wounds {unknown}
 l - a potion of magic {unknown}
 o - a potion of attraction {unknown}


   Skills:
 + Level 3.5 Fighting
 + Level 3.8 Polearms
 - Level 1.7 Throwing
 + Level 2.4 Armour
 + Level 3.8 Dodging


You had 5 spell levels left.
You didn't know any spells.
Your spell library contained the following spells:

 Spells                   Type           Power      Damage    Failure   Level
 Magic Dart               Conj           0%         1d3       43%         1
 Slow                     Hex            0%         N/A       43%         1
 Ensorcelled Hibernation  Hex/Ice        0%         N/A       56%         2
 Passwall                 Tmut/Erth      0%         N/A       56%         2
 Searing Ray              Conj           0%         2d4       56%         2
 Confusing Touch          Hex            0%         N/A       80%         3
 Ignite Poison            Fire/Tmut/Pois 0%         N/A       80%         3
 Swiftness                Air            0%         N/A       80%         3
 Vampiric Draining        Necr           0%         2d6       80%         3
 Vhi's Electric Charge    Tloc/Air       0%         N/A       80%         3
 Fulminant Prism          Conj/Hex       0%         3d5       99%         4
 Iskenderun's Mystic Bla  Conj/Tloc      0%         2d3       99%         4
 Leda's Liquefaction      Hex/Erth       0%         N/A       99%         4
 Manifold Assault         Tloc           0%         N/A       99%         4
 Arcjolt                  Conj/Air       0%         1d10      100%        5
 Lee's Rapid Deconstruct  Erth           0%         3d4*      100%        5
 Plasma Beam              Fire/Air       0%         2x1d11    100%        6
 Statue Form              Tmut/Erth      0%         N/A       100%        6
 Disjunction              Tloc           0%         N/A       100%        8


Dungeon Overview and Level Annotations

Branches:
Dungeon (4/15)
 Temple: D:4-7

Altars:


Innate Abilities, Weirdness & Mutations

Your demonic aura often causes spilled blood to erupt in flames.
Spells you cast may paralyse adjacent enemies.


Message History

a +0 spear; a +0 whip; a gnoll corpse
Things that are here:
a +0 dagger; a goblin corpse
There is an open door here.
A jelly comes into view.
A jelly is nearby!
A jelly is nearby!
A jelly is nearby!
You completely miss the jelly.
The jelly quivers.
The jelly hits you but does no damage.
A jelly is nearby!
You hit the jelly. The acid corrodes you!
Your hands burn!
The jelly is lightly wounded.
The jelly hits you but does no damage.
You hit the jelly.
Your hands burn!
The jelly is heavily wounded.
The jelly jiggles.
The jelly hits you.
You are splashed with acid!
A jelly is nearby!
You hit the jelly.
Your hands burn!
The jelly is severely wounded.
The jelly misses you.
A jelly is nearby!
You hit the jelly but do no damage. The acid corrodes you!
Your hands burn!
The jelly is severely wounded.
The jelly closely misses you. The jelly hits you.
You are splashed with acid!
A jelly is nearby!
You are too injured to fight recklessly!
A jelly is nearby!
You are too injured to fight recklessly!
You are too injured to fight recklessly!
A jelly is nearby!
You hit the jelly but do no damage.
Your hands burn!
* * * LOW HITPOINT WARNING * * *
The jelly is severely wounded.
The jelly hits you.
* * * LOW HITPOINT WARNING * * *
You are splashed with acid!
You die...

#. #.# #. #.# .. ##.##
#.# .##.# #.. ##...##
#)# ..#.# .)##.....###)#
##.#.#
#.........##)###..#.#
#.#........#.##...#.##
#.#..........'..........
......#......####...####
#..J@....## #......#
#.###...## #.#.##.#
#.#.# #.#.# # #.).#
#.#.# ....### #.#.#
...#..# #.... ......#
#.# #..... ......


You could see a jelly.

Vanquished Creatures
  An orc priest (D:3)
  Jessica (D:3)
  4 adders
  8 gnolls
  A shadow imp (D:4)
  3 dart slugs
  5 orcs (D:3)
  8 bats
  2 endoplasms
  4 giant cockroaches
  9 goblins
  2 hobgoblins (D:2)
  3 jackals (D:1)
  6 quokkas (D:1)
  11 ball pythons
  3 frilled lizards (D:1)
  7 kobolds
  5 rats
83 creatures vanquished.

Notes
Turn   | Place    | Note
-------+----------+-------------------------------------------
     0 | D:1      | Demosthentine the Demonspawn Gladiator began the quest for
                  | the Orb.
     0 | D:1      | Reached XP level 1. HP: 16/16 MP: 1/1
   129 | D:1      | Gained mutation: Your demonic aura sometimes causes spilled
                  | blood to erupt in flames. [demonic ancestry]
   129 | D:1      | Reached XP level 2. HP: 18/22 MP: 2/2
   430 | D:1      | Reached skill level 1 in Armour
   471 | D:1      | Gained mutation: Your demonic aura often causes spilled
                  | blood to erupt in flames. [demonic ancestry]
   471 | D:1      | Reached XP level 3. HP: 28/28 MP: 3/3
   932 | D:2      | Reached XP level 4. HP: 34/34 MP: 4/4
  1171 | D:2      | Got Jaazi Xit's Octavo of Topological Vitiation
  1556 | D:3      | Noticed Jessica
  1570 | D:3      | Killed Jessica
  1823 | D:3      | Reached XP level 5. HP: 38/41 MP: 5/5
  2386 | D:4      | Gained mutation: Spells you cast may paralyse adjacent
                  | enemies. [demonic ancestry]
  2386 | D:4      | Reached XP level 6. HP: 44/47 MP: 6/6
  2415 | D:4      | Splashed by a jelly's acid

Illustrated notes

Levels and vault maps discovered:
D:1:      dpeg_arrival_rooms_c, layout_basic, grunt_decor_arrowhead
D:2:      layout_loops_ring
D:3:      layout_basic, uniq_jessica
D:4:      layout_loops_corners, mainiacjoe_overflow_tiny_flanked, minivault_1,
          minmay_fractal_squares_5, uniq_pikel

Skill      XL: |  1  2  3  4  5 |
---------------+----------------+-----
Polearms       | 3 |  3.8
Dodging        | 3 |  3.8
Armour         | 1 2 |  2.4
Fighting       | 3 |  3.5
Throwing       | |  1.7

Action                     |  1- 3 |  4- 6 || total
---------------------------+-------+-------++-------
  Melee: Trident           |   109 |   123 ||   232
         Punch             |       |     1 ||     1
    Use: Scroll            |     4 |     4 ||     8
         Potion            |       |     1 ||     1
   Stab: Sleeping          |     1 |     2 ||     3
         Distracted        |     1 |     1 ||     2
 Armour: Leather armour    |    39 |    16 ||    55
  Dodge: Dodged            |    64 |    39 ||   103

Table legend: (Time is in decaauts)
 A = Elapsed time spent in this place.
 B = Non-inter-level travel time spent in this place.
 C = Inter-level travel time spent in this place.
 D = Time resting spent in this place.
 E = Time spent auto-exploring this place.
 F = Levels seen in this place.
 G = Mean time per level.
                   A        B        C        D        E       F      G
               +--------+--------+--------+--------+--------+-----+--------+
         Total |   2445 |   2358 |     87 |      2 |   1814 |   4 |  611.2 |
       Dungeon |   2445 |   2358 |     87 |      2 |   1814 |   4 |  611.2 |
               +--------+--------+--------+--------+--------+-----+--------+

Top non-repeatable levels by time:
     D:1: 842 daAuts
     D:3: 797 daAuts
     D:2: 698 daAuts
     D:4: 106 daAuts
